 Dungeon Crawl Stone Soup version 0.17.2-1-ge4368a0 (webtiles) character file.

220562 ololoev the Severer (level 18, -1/143 HPs)
             Began as a Demonspawn Berserker on July 28, 2016.
             Was a High Priest of Makhleb.
             Slain by a bennu (20 damage)
             ... on level 7 of a ziggurat.
             The game lasted 02:36:11 (12377 turns).

ololoev the Severer (Demonspawn Berserker)         Turns: 12377, Time: 02:36:11

Health: -1/143     AC: 37    Str: 26 (29) XL:     18   Next: 4%
Magic:  18/18      EV: 18    Int:  9      God:    Makhleb [*****.]
Gold:   480        SH:  4    Dex: 14      Spells: 0 memorised, 17 levels left

rFire  + . .     SeeInvis .     a - +4 battleaxe (vamp)
rCold  + + .     Clarity  .     q - +11 plate armour of the Swamp {rElec}
rNeg   . . .     SustAt   .     (shield currently unavailable)
rPois  .         Gourm    .     (helmet unavailable)
rElec  +         Spirit   .     b - +2 cloak of Starlight {rElec rC+ EV+4 Stlth--}
rCorr  .         Warding  .     A - +0 pair of gloves
rMut   .         Stasis   .     g - +0 pair of boots
MR     +++..                    y - amulet of regeneration
Stlth  ..........               J - ring of protection from magic
                                s - ring "Qaubopan" {rC+ MR+ Str+5 Slay+5}

@: about to teleport, very slightly contaminated, hasted and slowed, studying
Summonings, drained, extremely resistant to hostile enchantments, extremely
unstealthy
A: horns 3, large bone plates 3, fire resistance 1, ignite blood, powered by
death 2, augmentation 1, flame cloud immunity
a: Minor Destruction, Lesser Servant of Makhleb, Major Destruction, Greater
Servant of Makhleb, Renounce Religion
}: 2/15 runes: decaying, serpentine


Innate Abilities, Weirdness & Mutations

You have a pair of large horns on your head.
You are completely covered in large bone plates (AC +4, SH +4).
Your flesh is heat resistant.
Your demonic aura causes spilled blood to erupt in flames.
You regenerate health from kills.
Your magical and physical power is slightly enhanced at high health.
You are immune to clouds of flame.

Inventory:

Hand Weapons
 a - a +4 vampiric battleaxe (weapon)
 W - a +2 executioner's axe of chopping
 Y - a +1 battleaxe of flaming
Armour
 b - the +2 cloak of Starlight (worn) {rElec rC+ EV+4 Stlth--}
   (You acquired it on level 5 of the Dungeon)

   It affects your evasion (+4).
   It protects you from cold.
   It insulates you from electricity.
   It makes you much less stealthy.
 g - a +0 pair of boots (worn)
 n - a +3 chain mail of poison resistance
 q - the +11 plate armour of the Swamp (worn) {rElec}
   (You bought it in a shop on level 2 of the Orcish Mines)

   It insulates you from electricity.
 A - a +0 pair of gloves (worn)
Jewellery
 l - an uncursed ring of wizardry
 s - the ring "Qaubopan" (left hand) {rC+ MR+ Str+5 Slay+5}
   (You found it on level 4 of a ziggurat)

   [ring of protection from cold]

   It affects your strength (+5).
   It affects your accuracy and damage with ranged weapons and melee attacks
   (+5).
   It protects you from cold.
   It affects your resistance to hostile enchantments.
 u - an uncursed amulet of resist corrosion
 y - an amulet of regeneration (around neck)
 J - a ring of protection from magic (right hand)
 P - an uncursed ring of fire
Wands
 e - a wand of disintegration (7)
 f - a wand of fire (5)
 t - a wand of cold (0)
 F - a wand of disintegration (8)
 H - a wand of flame (23)
 M - a wand of invisibility (6)
 N - a wand of teleportation (8)
Scrolls
 d - a scroll of vulnerability {unknown}
 i - 10 scrolls of teleportation
 j - 7 scrolls of remove curse
 k - 2 scrolls of recharging
 m - 3 scrolls of enchant armour
 v - 2 scrolls of fear
 w - 2 scrolls of amnesia
 E - 2 scrolls of immolation
 V - 2 scrolls of fog
 Z - 2 scrolls of summoning {unknown}
Potions
 o - a potion of brilliance
 p - 3 potions of lignification {unknown}
 z - a potion of resistance
 B - a potion of haste
 D - a potion of curing
 G - a potion of experience {unknown}
 L - 2 potions of magic {unknown}
 O - a potion of berserk rage
 Q - 2 potions of cancellation
 R - a potion of cure mutation {unknown}
 S - 2 potions of might {unknown}
 T - a potion of flight
Books
 U - a manual of Summonings
Comestibles
 c - 7 bread rations
 h - 4 chunks of flesh
 r - 3 slices of pizza
 K - 4 meat rations


   Skills:
 + Level 13.1(12.0) Fighting
 * Level 19.1(17.8) Axes
 + Level 14.1(12.9) Armour
 + Level 14.1(13.0) Dodging


You had 17 spell levels left.
You didn't know any spells.


You were on level 7 of a ziggurat.
You worshipped Makhleb.
Makhleb was extremely pleased with you.
You were not hungry.

You visited 6 branches of the dungeon, and saw 38 of its levels.
You visited 1 ziggurat, and saw 7 of its levels.
You also visited: Ice Cave.

You collected 2266 gold pieces.
You spent 1786 gold pieces at shops.

▓▓▓▓▓▓▓▓▓ ▓
▓▓§#§....#.▓▓
▓▓§@§M§§...MW▓
▓▓§§b§§§§§W.§z|
▓▓.§§§§§M§§.V§Mz
▓.§§§..§§Z§8.Mzn
▓▓.§§...§§§Z..Z)
▓▓......§....8|
▓▓...........▓
▓▓.#.....#.▓▓
▓▓▓▓▓▓▓▓▓▓▓

Notes
Turn   | Place    | Note
--------------------------------------------------------------
     0 | D:1      | ololoev the Demonspawn Berserker began the quest for the Orb.
     0 | D:1      | Reached XP level 1. HP: 18/18 MP: 1/1
    90 | D:3      | Gained mutation: Your flesh is heat resistant. [demonic ancestry]
    90 | D:3      | Reached XP level 2. HP: 13/24 MP: 2/2
   156 | D:3      | Found a faded altar to an unknown god.
   217 | D:5      | Entered Level 5 of the Dungeon
   230 | D:5      | Noticed a centaur
   236 | D:5      | Killed a centaur
   236 | D:5      | Gained mutation: You have a pair of small horns on your head. [demonic ancestry]
   236 | D:5      | Reached XP level 3. HP: 29/29 MP: 3/3
   236 | D:5      | Gained mutation: You regenerate a little health from kills. [demonic ancestry]
   236 | D:5      | Reached XP level 4. HP: 35/35 MP: 4/4
   336 | D:6      | Noticed a giant frog
   344 | D:6      | Killed a giant frog
   344 | D:6      | Reached skill level 4 in Axes
   344 | D:6      | Gained mutation: You have a pair of horns on your head. [demonic ancestry]
   344 | D:6      | Reached XP level 5. HP: 41/41 MP: 5/5
   443 | D:7      | Noticed a wyvern
   454 | D:7      | Killed a wyvern
   454 | D:7      | Reached ** piety under Trog
   454 | D:7      | Reached skill level 5 in Axes
   454 | D:7      | Reached XP level 6. HP: 12/47 MP: 6/6
   545 | D:8      | Gained mutation: You regenerate health from kills. [demonic ancestry]
   545 | D:8      | Reached XP level 7. HP: 32/52 MP: 7/7
   549 | D:8      | Reached skill level 6 in Axes
   648 | D:8      | Noticed a hungry ghost
   704 | D:7      | Noticed a necrophage
   717 | D:7      | Killed a necrophage
   771 | D:7      | Noticed Crazy Yiuf
   776 | D:7      | Killed Crazy Yiuf
   827 | D:8      | Found Lameob's Antique Armour Emporium.
   845 | D:8      | Found a staircase to the Lair.
   899 | D:9      | Gained mutation: You are partially covered in large bone plates (AC +2, SH +2). [demonic ancestry]
   899 | D:9      | Reached XP level 8. HP: 50/58 MP: 8/8
   980 | D:8      | Noticed pedritolo's ghost (novice SpEn)
  1184 | D:8      | Reached skill level 7 in Axes
  1268 | D:8      | Reached skill level 5 in Armour
  1268 | D:8      | Reached skill level 5 in Dodging
  1362 | D:8      | Found Isetiuc's Antique Weapon Boutique.
  1369 | D:8      | Reached skill level 8 in Axes
  1390 | D:8      | Noticed a yak
  1390 | D:8      | Noticed a yak
  1405 | D:8      | Killed a yak
  1405 | D:8      | Reached XP level 9. HP: 58/63 MP: 9/9
  1409 | D:8      | Killed a yak
  1430 | D:8      | Noticed a three-headed hydra
  1434 | D:8      | Killed a one-headed hydra
  1434 | D:8      | Reached skill level 9 in Axes
  1438 | D:8      | Reached *** piety under Trog
  1504 | D:9      | Found a staircase to the Orcish Mines.
  1509 | Orc:1    | Entered Level 1 of the Orcish Mines
  1590 | Orc:2    | Found Gotithru's Gadget Shop.
  1616 | Orc:2    | Found Yzxetuah's Armour Shoppe.
  1636 | Orc:2    | Found Naj Uciun's Antique Armour Shoppe.
  1642 | Orc:2    | Reached **** piety under Trog
  1661 | Orc:2    | Noticed an orc sorcerer
  1670 | Orc:2    | Killed an orc sorcerer
  1694 | Orc:2    | Bought a brightly glowing scale mail for 252 gold pieces
  1704 | Orc:2    | Identified the +3 scale mail of Gluttony {rElec} (You bought it in a shop on level 2 of the Orcish Mines)
  1849 | Orc:3    | Noticed Nergalle
  1891 | Orc:3    | Gained mutation: You have a pair of large horns on your head. [demonic ancestry]
  1891 | Orc:3    | Reached XP level 10. HP: 70/70 MP: 10/10
  2001 | Orc:3    | Reached skill level 10 in Axes
  2086 | Orc:1    | Found a frozen archway.
  2148 | IceCv    | Entered an ice cave
  2172 | IceCv    | Reached ***** piety under Trog
  2357 | IceCv    | Noticed an ice devil
  2379 | IceCv    | HP: 4/105 [ice devil (14)]
  2386 | IceCv    | Killed an ice devil
  2532 | Orc:1    | Reached skill level 11 in Axes
  2665 | Orc:2    | Found Etamomn's Antique Weapon Boutique.
  2764 | Orc:4    | Entered Level 4 of the Orcish Mines
  2963 | Orc:4    | Found a staircase to the Elven Halls.
  2997 | Orc:4    | Noticed an orc high priest
  3001 | Orc:4    | Noticed a rust devil
  3011 | Orc:4    | Killed an orc high priest
  3011 | Orc:4    | Gained mutation: You are immune to clouds of flame. [demonic ancestry]
  3011 | Orc:4    | Reached XP level 11. HP: 75/75 MP: 11/11
  3161 | Orc:4    | Noticed an orc sorcerer
  3171 | Orc:4    | Killed an orc sorcerer
  3259 | Orc:4    | Noticed an orc warlord
  3277 | Orc:4    | Killed an orc warlord
  3521 | Lair:1   | Entered Level 1 of the Lair of Beasts
  3530 | Lair:1   | Reached skill level 12 in Axes
  3690 | Lair:2   | Noticed a seven-headed hydra
  3696 | Lair:2   | Noticed Erica
  3722 | Lair:2   | Killed a one-headed hydra
  3723 | Lair:2   | Identified a +0 rod of destruction (11/11) (You found it on level 2 of the Lair of Beasts)
  3748 | Lair:2   | Killed Erica
  3882 | Lair:2   | Found a bloodstained altar of Trog.
  3896 | Lair:2   | Gained mutation: Your demonic aura causes spilled blood to erupt in flames. [demonic ancestry]
  3896 | Lair:2   | Reached XP level 12. HP: 83/83 MP: 12/12
  4159 | Lair:3   | Received a gift from Trog
  4184 | Lair:3   | Found a staircase to the Swamp.
  4194 | Lair:3   | Reached skill level 13 in Axes
  4231 | Lair:3   | Noticed a five-headed hydra
  4241 | Lair:3   | Killed a two-headed hydra
  4241 | Lair:3   | Reached skill level 5 in Fighting
  4291 | Lair:4   | Noticed a six-headed hydra
  4301 | Lair:4   | Killed an eight-headed hydra
  4520 | Lair:6   | Reached skill level 10 in Armour
  4522 | Lair:6   | Reached skill level 10 in Dodging
  4603 | Lair:6   | Gained mutation: You are mostly covered in large bone plates (AC +3, SH +3). [demonic ancestry]
  4603 | Lair:6   | Reached XP level 13. HP: 75/93 MP: 13/13
  4630 | Lair:6   | Reached skill level 14 in Axes
  4654 | Lair:6   | Found a staircase to the Slime Pits.
  4793 | Lair:6   | Noticed a naga warrior
  4794 | Lair:6   | Found a staircase to the Snake Pit.
  4804 | Lair:6   | Killed a naga warrior
  4885 | Lair:8   | Entered Level 8 of the Lair of Beasts
  5080 | Snake:1  | Entered Level 1 of the Snake Pit
  5163 | Snake:1  | Reached ****** piety under Trog
  5163 | Snake:1  | Received a gift from Trog
  5320 | Snake:4  | Entered Level 4 of the Snake Pit
  5329 | Snake:4  | Reached skill level 15 in Axes
  5329 | Snake:4  | Gained mutation: You are completely covered in large bone plates (AC +4, SH +4). [demonic ancestry]
  5329 | Snake:4  | Reached XP level 14. HP: 91/105 MP: 7/14
  5471 | Snake:3  | Noticed a greater naga
  5484 | Snake:3  | Killed a greater naga
  5897 | Snake:4  | Noticed a greater naga
  5908 | Snake:4  | Killed a greater naga
  5908 | Snake:4  | Received a gift from Trog
  5948 | Snake:4  | Noticed a greater naga
  5998 | Snake:4  | Killed a greater naga
  6028 | Snake:4  | Noticed a greater naga
  6045 | Snake:4  | Killed a greater naga
  6107 | Snake:4  | Noticed a greater naga
  6112 | Snake:4  | Killed a greater naga
  6112 | Snake:4  | Reached skill level 16 in Axes
  6141 | Snake:4  | Noticed Vashnia
  6224 | Snake:4  | Killed Vashnia
  6224 | Snake:4  | Reached XP level 15. HP: 16/115 MP: 15/15
  6331 | Snake:4  | Reached skill level 10 in Fighting
  6379 | Snake:4  | Noticed a greater naga
  6391 | Snake:4  | Killed a greater naga
  6397 | Snake:4  | Got a serpentine rune of Zot
  6418 | Snake:4  | Noticed a greater naga
  6634 | Swamp:1  | Entered Level 1 of the Swamp
  7232 | Swamp:3  | Received a gift from Trog
  7321 | Swamp:4  | Entered Level 4 of the Swamp
  7557 | Swamp:4  | Reached skill level 17 in Axes
  7617 | Swamp:4  | Noticed the 27-headed Lernaean hydra
  7656 | Swamp:4  | Reached XP level 16. HP: 76/124 MP: 16/16
  7714 | Swamp:4  | Killed the 27-headed Lernaean hydra
  7762 | Swamp:4  | Noticed a thorn hunter
  7772 | Swamp:4  | Killed a thorn hunter
  7868 | Swamp:4  | Got a decaying rune of Zot
  8228 | Orc:4    | Found Geigicsa's Distillery.
  8228 | Orc:4    | Found Yqyi's Armour Shop.
  8228 | Orc:4    | Found Imotaste's Antique Weapon Boutique.
  8228 | Orc:4    | Noticed an orc sorcerer
  8228 | Orc:4    | Noticed an orc high priest
  8234 | Orc:4    | Noticed an orc high priest
  8236 | Orc:4    | Found Ymis's Antique Weapon Boutique.
  8238 | Orc:4    | Killed an orc high priest
  8240 | Orc:4    | Killed an orc high priest
  8242 | Orc:4    | Killed an orc sorcerer
  8247 | Orc:4    | Noticed an orc high priest
  8254 | Orc:4    | Killed an orc high priest
  8266 | Orc:4    | Bought a potion of poison for 17 gold pieces
  8266 | Orc:4    | Bought a potion of curing for 51 gold pieces
  8266 | Orc:4    | Bought a potion of cancellation for 136 gold pieces
  8266 | Orc:4    | Bought a potion of mutation for 42 gold pieces
  8390 | Orc:3    | Killed Nergalle
  8827 | Orc:1    | You fall through a shaft!
  8891 | D:9      | Noticed a hill giant
  8899 | D:9      | Killed a hill giant
  8904 | D:9      | Noticed Maurice
  8913 | D:9      | Killed Maurice
  8929 | D:9      | Found a stormy altar of Qazlal.
  8966 | D:10     | Entered Level 10 of the Dungeon
  9132 | Orc:2    | Bought the +11 plate armour of the Swamp {rElec} for 1288 gold pieces
  9349 | D:11     | Noticed Sonja
  9410 | D:12     | Found an ancient bone altar of Kikubaaqudgha.
  9490 | D:14     | Received a gift from Trog
  9619 | D:14     | Found a gate to the Vaults.
  9735 | D:15     | Entered Level 15 of the Dungeon
 10067 | D:6      | Noticed a centaur
 10074 | D:6      | Killed a centaur
 10318 | D:4      | Found an ancient bone altar of Kikubaaqudgha.
 10318 | D:4      | Found a shadowy altar of Dithmenos.
 10372 | D:4      | Found an opulent altar of Gozag.
 10372 | D:4      | Found a glowing silver altar of Zin.
 10459 | D:5      | Identified a scroll of acquirement
 10551 | D:6      | Noticed Sigmund
 10556 | D:6      | Noticed a scorpion
 10565 | D:6      | Killed Sigmund
 10567 | D:6      | Killed a scorpion
 10626 | D:6      | Noticed a phantom
 10654 | D:6      | Found a burning altar of Makhleb.
 10661 | D:6      | Fell from the grace of Trog
 10661 | D:6      | Became a worshipper of Makhleb the Destroyer
 10666 | D:6      | Noticed a giant frog
 10672 | D:6      | Killed a giant frog
 11104 | D:15     | Reached * piety under Makhleb
 11244 | D:15     | Found a staircase to the Depths.
 11270 | Depths:1 | Entered Level 1 of the Depths
 11278 | Depths:1 | Reached skill level 18 in Axes
 11483 | Depths:2 | Reached ** piety under Makhleb
 11513 | Depths:2 | Gained mutation: Your magical and physical power is slightly enhanced at high health. [demonic ancestry]
 11513 | Depths:2 | Reached XP level 17. HP: 133/133 MP: 17/17
 11793 | Depths:3 | Reached *** piety under Makhleb
 11943 | Depths:3 | Reached **** piety under Makhleb
 12048 | Depths:3 | Found a gateway to Hell.
 12076 | Depths:3 | Found a gateway to a ziggurat.
 12110 | Zig:1    | Entered Level 1 of a ziggurat
 12131 | Zig:2    | Entered Level 2 of a ziggurat
 12160 | Zig:3    | Entered Level 3 of a ziggurat
 12194 | Zig:4    | Entered Level 4 of a ziggurat
 12197 | Zig:4    | Noticed a bone dragon
 12215 | Zig:4    | Killed a bone dragon
 12228 | Zig:4    | Got a crude granite ring
 12230 | Zig:4    | Identified the ring "Qaubopan" {rC+ MR+ Str+5 Slay+5} (You found it on level 4 of a ziggurat)
 12234 | Zig:5    | Entered Level 5 of a ziggurat
 12245 | Zig:5    | Reached ***** piety under Makhleb
 12251 | Zig:5    | Reached skill level 19 in Axes
 12300 | Zig:6    | Entered Level 6 of a ziggurat
 12321 | Zig:6    | Reached XP level 18. HP: 143/143 MP: 16/18
 12354 | Zig:7    | Entered Level 7 of a ziggurat
 12360 | Zig:7    | Noticed a greater mummy
 12361 | Zig:7    | Noticed a greater mummy
 12377 | Zig:7    | Slain by a bennu

Dungeon Overview and Level Annotations

Branches:
Dungeon (15/15)              Lair (8/8) D:8           Swamp (4/4) Lair:3
  Snake (4/4) Lair:6        Slime (0/6) Lair:6          Orc (4/4) D:9
    Elf (0/3) Orc:4        Vaults (0/5) D:14         Depths (3/5) D:15
 Temple: D:4-7

Altars:
Dithmenos
Gozag
Kikubaaqudgha
Makhleb
Qazlal
Trog
Zin

Shops:
D:8 [(   Orc:2 ([[}   Orc:4 ((![

Portals:
Hell: Depths:3

Annotations:
D:8 pedritolo's ghost, novice SpEn


Message History

You destroy the flying skull!
The flying skull convulses!
You destroy the flying skull!
The guardian mummy convulses!
The guardian mummy explodes!
The fiery explosion engulfs the greater mummy.
The greater mummy is heavily damaged.
The fiery explosion engulfs the flying skull.
The flying skull resists.
The flying skull is heavily damaged.
Makhleb accepts your kill.
You feel better.
You feel extremely nervous for a moment...
You feel yourself slow down.
You feel horribly lethargic.
The greater mummy convulses!
The flying skull convulses!
The flying skull explodes!
The fiery explosion engulfs the tengu zombie.
The fiery explosion engulfs the greater mummy.
The greater mummy is severely damaged.
Makhleb accepts your kill.
You feel better.
The tengu zombie convulses!
The human zombie convulses!
It was a scroll of holy word.
The greater mummy is engulfed in roaring flames.
The tengu zombie is engulfed in roaring flames.
The greater mummy is engulfed in roaring flames.
Unknown command.
Unknown command.
Unknown command.
Unknown command.
Unknown command.
Press: ? - help, v - describe, . - travel
Here: a human zombie (dazed, inner flame)
The floor.
Read which item? (? for menu, Esc to quit)
As you read the scroll labeled LECSUR GUIGE, it crumbles to dust.
The scroll dissolves into smoke.
It was a scroll of fog.
The bennu pecks you. The bennu sears you!!
The bennu claws you but does no damage. The bennu claws you but does no damage.
The human zombie is lost in a daze.
The bennu pecks you! The bennu sears you!!
You die...

You could see 2 greater mummies, a bennu, a human zombie (inner flame) and a tengu zombie (inner flame).

Vanquished Creatures
  A bone dragon (Zig:4)
  A titan (Depths:3)
  3 tengu reavers
  A thorn hunter (Swamp:4)
  An azure jelly (shapeshifter) (Zig:3)
  An orc warlord (Orc:4)
  7 greater nagas
  5 stone giants
  2 very ugly things
  A bennu (Zig:7)
  A mummy priest (Zig:7)
  3 vault guards (D:14)
  A fire dragon (Depths:3)
  2 great orbs of eyes
  2 ettins
  A yaktaur captain (Depths:3)
  An entropy weaver (Depths:2)
  An ice dragon (Depths:2)
  8 naga warriors
  A ghost crab (Swamp:3)
  2 centaur warriors
  17 hydras
  7 anacondas
  Erica (Lair:2)
  An ogre mage (D:15)
  18 death yaks
  7 alligators
  6 tengu warriors
  8 deep troll shamans
  5 orc high priests
  2 deep troll earth magi
  5 shock serpents
  3 spriggan berserkers (Depths:3)
  7 naga sharpshooters
  Nergalle (Orc:3)
  A titan skeleton (Depths:3)
  A salamander mystic (Snake:4)
  A skeletal warrior (Zig:4)
  A fire crab (Lair:8)
  3 spriggan druids
  2 wizards (D:14)
  6 swamp dragons
  4 iron trolls (Depths:3)
  15 deep trolls
  11 naga ritualists
  2 shambling mangroves
  A torturous demonspawn (Depths:1)
  2 necromancers (D:14)
  An orb spider (Zig:2)
  2 hill giants
  A wolf spider zombie (D:15)
  A faun (shapeshifter) (Depths:3)
  13 mana vipers
  2 cyclopes
  5 ugly things
  5 hornets
  2 salamanders
  3 moths of wrath (Zig:6)
  4 orc sorcerers
  4 naga magi
  A manticore (D:15)
  23 black mambas
  3 elephants (Lair:5)
  Maurice (D:9)
  2 rust devils (Depths:1)
  2 ice statues (IceCv)
  8 spiny frogs
  A gargoyle (D:14)
  A yaktaur (shapeshifter) (D:15)
  A spriggan zombie (Zig:4)
  3 guardian serpents (Snake:4)
  A titan simulacrum (Depths:3)
  7 yaktaurs
  4 komodo dragons
  A tormentor (Depths:1)
  6 trolls
  2 fire drakes
  An efreet (D:15)
  3 blue devils (IceCv)
  A hellwing (Depths:1)
  A jumping spider (Depths:2)
  A guardian mummy (Zig:7)
  A merfolk (shapeshifter) (Depths:3)
  3 tengu conjurers
  5 polar bears
  3 bog bodies
  7 giant leeches
  4 two-headed ogres
  4 slime creatures (Swamp:2)
  An ushabti (Zig:7)
  2 vampires (Zig:4)
  A trapdoor spider (D:14)
  A flying skull (Zig:7)
  Sigmund (D:6)
  2 redbacks (Depths:2)
  2 wyverns
  18 humans (D:14)
  15 yaks
  9 fire bats
  A steam dragon (D:10)
  A tarantella (Depths:1)
  13 vampire mosquitoes
  A basilisk (Lair:8)
  A hippogriff (Lair:1)
  A fire elemental (Depths:1)
  33 nagas
  12 insubstantial wisps
  11 swamp worms
  2 wargs
  A swamp worm (shapeshifter) (Zig:3)
  2 ice beasts
  23 orc warriors
  5 water moccasins
  An eye of draining (D:15)
  5 sky beasts
  13 ogres
  8 porcupines
  7 black bears
  2 necrophages
  11 swamp drakes
  3 phantoms
  8 crocodiles
  8 wasps
  8 centaurs
  3 big kobolds (D:8)
  13 giant frogs
  A glowing shapeshifter simulacrum (Depths:3)
  A wyvern skeleton (D:10)
  A scorpion (D:6)
  11 killer bees
  10 wights
  A giant frog zombie (D:7)
  A crimson imp (D:5)
  29 orc wizards
  3 centaur skeletons
  28 orc priests
  15 jellies
  Crazy Yiuf (D:7)
  A quasit (D:7)
  3 hounds
  8 worker ants
  5 iguanas
  2 sheep (D:8)
  2 mummies (Zig:7)
  14 river rats
  5 adders
  6 white imps (IceCv)
  5 ufetubi (IceCv)
  3 oozes
  2 adder zombies
  3 worms
  150 orcs
  A giant cockroach (D:3)
  A hobgoblin (D:3)
  A kobold (D:1)
  2 quokkas
  A ball python (D:4)
  2 bats
  A giant gecko (D:8)
  A giant newt (Lair:3)
  12 jackals
  A quokka skeleton (D:7)
  2 rats
  A bush (Lair:8)
  4 fungi
  3 plants
921 creatures vanquished.

Vanquished Creatures (collateral kills)
  the Lernaean hydra (Swamp:4)
  Vashnia (Snake:4)
  A hydra (Swamp:4)
  An ice devil (IceCv)
  3 swamp dragons (Swamp:4)
  A warg (Orc:4)
  A swamp worm (Swamp:4)
  An orc warrior (Orc:4)
  2 orcs (Orc:4)
12 creatures vanquished.

Vanquished Creatures (others)
  A necromancer (Depths:3)
  A giant leech (Swamp:4)
  A redback (Zig:2)
  A vampire mosquito (Lair:3)
  A swamp drake (Swamp:4)
  2 white imps (IceCv)
  2 ufetubi (IceCv)
  3 fungi (Lair:8)
12 creatures vanquished.

Grand Total: 945 creatures vanquished

Action                   |  1- 3 |  4- 6 |  7- 9 | 10-12 | 13-15 | 16-18 || total
-------------------------+-------+-------+-------+-------+-------+-------++-------
Melee: Hand axe          |    21 |    43 |   146 |    15 |     6 |    19 ||   250
       War axe           |       |       |   116 |   264 |       |       ||   380
       Battleaxe         |       |       |       |   234 |   777 |   798 ||  1809
Invok: Berserk           |     2 |     2 |     6 |     8 |     7 |     1 ||    26
       Trog's Hand       |       |     1 |     4 |     7 |    17 |     4 ||    33
       Burn Spellbooks   |       |     1 |       |       |     1 |       ||     2
       Brothers in Arms  |       |       |       |     5 |     5 |     5 ||    15
Evoke: Wand              |       |       |       |       |     5 |    10 ||    15
       Stone of tremors  |       |       |       |       |       |     1 ||     1
  Use: Scroll            |       |       |       |     5 |     2 |    22 ||    29
       Potion            |       |       |       |       |     8 |     6 ||    14
 Stab: Distracted        |       |       |       |     1 |       |       ||     1
       Invisible         |       |       |       |       |    12 |    12 ||    24
       Confused          |       |       |       |       |     1 |       ||     1
  Eat: Bread ration      |       |     1 |       |       |     2 |       ||     3
       Chunk             |       |       |     6 |    12 |     9 |    21 ||    48
       Meat ration       |       |       |     1 |     2 |     1 |     1 ||     5
       Fruit             |       |       |       |    12 |     1 |       ||    13
       Beef jerky        |       |       |       |     1 |       |       ||     1
       Pizza             |       |       |       |       |     1 |     2 ||     3
       Royal jelly       |       |       |       |       |       |     1 ||     1

Vault maps used:
D:1:      matt_arrival_los_fun
D:2:      first_bread, kennysheep_nub, nemelex_spade_bored_becter, uniq_robin
D:3:      ecumenical_altar_1
D:4:      grunt_temple_overflow_gold_and_silver, gammafunk_temple_overflow_wave,
          kennysheep_crisscross, minivault_27
D:5:      uniq_blork_the_orc
D:6:      bloody_makhleb, xom_butterflies, uniq_sigmund
D:7:      temple_hall, basic_altar, uniq_crazy_yiuf_cottage, uniq_duvessa
D:8:      lair_0_dummy, serial_shops, shop, shop_statue, shop, hangedman_ranch
D:9:      nicolae_qazlal_general_emergency, hiddenorc1_lemuel, serial_shops,
          shop, uniq_maurice
D:10:     hangedman_misty_isle
D:11:     uniq_sonja
D:12:     basic_altar
D:13:     minmay_wavy_crystal, serial_shops, nicolae_shop_window_shopping,
          shop_fountains, kennysheep_mini_moat, shop,
          nicolae_shop_competitors_out_of_business, enter_trove_1
D:14:     grunt_vaults_entry_tiered, hangedman_abyss_or_decor_slice
D:15:     hangedman_depths_entry_try_elsewhere_first, corexii_hall_statues_u
Lair:1:   cheibrodos_lair_reptile_den
Lair:2:   beast_lair_carwin_large_1, basic_altar, uniq_erica
Lair:3:   minmay_swamp_entry_reptiles, pond
Lair:4:   st_stairs_6, serial_bayou_shore_b, grunt_megastairs_1
Lair:5:   grunt_megastairs_3, serial_bayou_shore_b
Lair:6:   minmay_snake_entry_guardpost_large, minmay_slime_entry_jelly_boxes
Lair:7:   beast_lair_carwin_10
Lair:8:   evil_forest, minmay_another_anthill, lemuel_fruit_fields,
          grunt_megastairs_4, lemuel_fruit_tree
Swamp:1:  serial_swamp_ruin, evilmike_swamp_ruin_rubble_1,
          evilmike_swamp_ruin_house_6, swamp_pool4, uniq_frances
Swamp:2:  nicolae_swamp_fairy_circle
Swamp:3:  evilmike_swamp_ruin_house_5, swamp_pool1
Swamp:4:  swamp_old_school
Snake:1:  st_stairs_12
Snake:3:  nicolae_snakescales
Snake:4:  johnstein_snake_rune_scales, uniq_vashnia
Orc:1:    portal_ice_cave_entry_pillars_01
Orc:2:    serial_shops, nicolae_shop_statue_plus, shop, shop,
          nicolae_shop_behind_doors, nicolae_orc_pool_cavern
Orc:3:    uniq_nergalle
Orc:4:    st_orc_mages
Depths:1: serial_co_window_serial, co_window_corner_a, co_window_paths_a,
          co_window_of_opportunity_a, co_window_corner_a, co_window_cross_1,
          co_window_paths_a, co_window_cross_4, co_window_unsneaky_path_a,
          co_window_unsneaky_path_e, co_window_paths_e, glass_columns_c,
          glass_columns_c, glass_columns_b, glass_columns_b,
          rand_demon_pan_entry_3, hell_entry, spider_trap, kennysheep_doodads,
          guppyfry_shop_earth
Depths:2: kennysheep_cluttered_fort, minmay_stone_trees_small, lightli_too_deep,
          corexii_hall_statues_u
Depths:3: grunt_bent_corner, enter_ziggurat_f, solitary_fountain,
          rand_demon_pan_entry_1, hell_entry
IceCv:    ice_cave_small_demon
